 Dungeon Crawl Stone Soup version 0.31.0-32-g396128a36d (webtiles) character file.

Game seed: 2823086375028952677

5522 hawla the Scorcher (level 10, -2/112 HPs)
             Began as a Deep Elf Fire Elementalist on Apr 17, 2024.
             Was a Follower of Vehumet.
             Slain by a killer bee (6 damage)
             ... on level 9 of the Dungeon.
             The game lasted 00:24:02 (9519 turns).

hawla the Scorcher (Deep Elf Fire Elementalist)     Turns: 9519, Time: 00:24:03

Health: -2/112     AC: 25    Str:  5    XL:     10   Next: 43%
Magic:  2/16       EV:  2    Int: 25    God:    Vehumet [*.....]
Gold:   612        SH:  5    Dex: 15    Spells: 8/15 levels left

rFire   . . .        x - +7 dagger (holy)
rCold   . . .        (no shield)
rNeg    + . .        o - melded +2 robe {rF+}
rPois   +            u - melded +2 hat
rElec   .            e - melded +0 cloak
rCorr   .            (gloves currently unavailable)
SInv    .            r - melded +1 pair of boots
Will    +....        d - amulet of reflection Stlth
                     n - ring of positive energy
HPRegen 0.38/turn    (no ring)
MPRegen 0.15/turn

%: reflection
@: berserking (expiring), tree-form, very quick
A: stationary, stasis, torment immunity, boosted hp
a: Renounce Religion


You were on level 9 of the Dungeon.
You worshipped Vehumet.
Vehumet was aware of your devotion.
You were a tree.
You visited 2 branches of the dungeon, and saw 10 of its levels.

You collected 612 gold pieces.

Inventory:

Hand Weapons
 x - a +7 dagger of holy wrath (weapon)
 z - a +0 scimitar
Armour
 e - a +0 cloak (melded)
 l - a +0 helmet
 o - a +2 robe of fire resistance (melded)
 r - a +1 pair of boots (melded)
 u - a +2 hat (melded)
Jewellery
 b - an amulet of faith
 d - an amulet of reflection (around neck)
 n - a ring of positive energy (left branch)
 v - a ring of flight
 F - a +6 ring of dexterity
 G - a +4 ring of protection
Wands
 p - a wand of flame (73) (quivered)
 q - a wand of polymorph (11)
 D - a wand of iceblast (14)
Scrolls
 f - 2 scrolls of revelation
 g - a scroll of fog
 h - 3 scrolls of amnesia
 k - a scroll of vulnerability
 y - a scroll of enchant armour
 E - a scroll of immolation
Potions
 a - a potion of berserk rage
 c - 2 potions of curing
 i - a potion of lignification
 j - 2 potions of resistance {unknown}
 m - 2 potions of might {unknown}
 s - 2 potions of haste {unknown}
 t - a potion of enlightenment {unknown}
 w - 4 potions of heal wounds {unknown}
 A - a potion of mutation {unknown}
 B - 2 potions of attraction {unknown}
 C - a potion of degeneration {unknown}


   Skills:
 - Level 2.4 Dodging
 - Level 2.4 Stealth
 - Level 3.0 Spellcasting
 - Level 1.1 Conjurations
 + Level 16.9 Fire Magic


You had 8 spell levels left.
You knew the following spells:

 Your Spells              Type           Power      Damage    Failure   Level
a - Foxfire               Conj/Fire      100%       2x1d9     1%          1
b - Scorch                Fire           100%       2d9       0%          2
c - Flame Wave            Conj/Fire      48%        2d12      2%          4

Your spell library contained the following spells:

 Spells                   Type           Power      Damage    Failure   Level
 Sandblast                Erth           6%         2d5       10%         1
 Inner Flame              Hex/Fire       46%        N/A       1%          3
 Volatile Blastmotes      Fire/Tloc      92%        2d17      1%          3
 Freeze                   Ice            12%        1d3       10%         1
 Hailstorm                Conj/Ice       6%         3d5       24%         3
 Call Canine Familiar     Summ           3%         N/A       30%         3
 Frozen Ramparts          Ice            6%         1d1       30%         3
 Sigil of Binding         Hex            3%         N/A       30%         3
 Dimensional Bullseye     Hex/Tloc       1%         N/A       69%         4
 Manifold Assault         Tloc           3%         N/A       69%         4
 Dispersal                Tloc           1%         N/A       100%        6
 Haunt                    Necr/Summ      1%         N/A       100%        7
 Borgnjor's Revivificati  Necr           1%         N/A       100%        8
 Disjunction              Tloc           1%         N/A       100%        8
 Death's Door             Necr           1%         N/A       100%        9


Dungeon Overview and Level Annotations

Branches:
Dungeon (9/15)             Temple (1/1) D:6            Lair (0/5) D:8
    Orc: D:9-12

Altars:
Ashenzari
Dithmenos
Elyvilon
Fedhas
Gozag
Hepliaklqana
Kikubaaqudgha
Nemelex Xobeh
Okawaru
Ru
Sif Muna
Uskayaw
Vehumet
Xom
Yredelemnul
Zin
The Shining One


Message History

* * * LOW HITPOINT WARNING * * *
The killer bee stings you but does no damage. x3
The wight hits you from afar with a +0 halberd.
* * * LOW HITPOINT WARNING * * *
The orc hits you but does no damage.
The killer bee stings you but does no damage. x2
You block the killer bee's attack. The killer bee completely misses you.
You puncture the killer bee!
You kill the killer bee!
Vehumet accepts your kill.
The killer bee stings you but does no damage. x3
The wight hits you but does no damage. The orc hits you but does no damage.
Unknown command.
You miss the killer bee.
The killer bee is moderately wounded.
The killer bee stings you but does no damage. x3
Unknown command.
You puncture the killer bee!
You kill the killer bee!
Vehumet accepts your kill. You block the killer bee's attack.
The killer bee stings you but does no damage.
The wight hits you but does no damage. The orc hits you but does no damage.
The killer bee completely misses you.
The killer bee stings you but does no damage.
You puncture the wight!
The wight convulses!
You destroy the wight!
Vehumet accepts your kill. The killer bee stings you.
* * * LOW HITPOINT WARNING * * *
The killer bee stings you but does no damage.
You block the wight's attack. The orc hits you but does no damage.
You puncture the orc!
You kill the orc!
Vehumet accepts your kill.
You can now gain magical power from killing.
Vehumet offers you knowledge of Sandblast.
The killer bee stings you but does no damage.
The killer bee stings you.
You die...

.......#.#####.#
...).........#.###
...))..#.....#.#.# ..
#...>..##....#.#.# ...
.....)..#....#.#.###...>
...>.........#.....#).#
....)##....###.....†.#
##...#.....#.#..y)z..#
##.............♣)..#
#............y.)..#
...................#
.....................#
..##.............##..#
## #.................#
#......#......<....#
##..#..#.........#[#
#....##..###....#


You could see 2 killer bees and a wight.

Vanquished Creatures
  An elephant (D:8)
  Prince Ribbit (D:5)
  Sigmund (D:3)
  A wyvern (D:9)
  A yak (D:8)
  Eustachio (D:5)
  2 steam dragons
  Edmund (D:5)
  2 water moccasins (D:7)
  Duvessa (D:4)
  3 orc warriors
  2 sky beasts
  3 black bears
  2 ice beasts
  2 ogres
  2 centaurs
  3 phantoms
  A kobold brigand (D:9)
  5 scorpions
  3 bullfrogs
  2 wights (D:9)
  Dowan (D:4)
  7 killer bees (D:9)
  8 howler monkeys
  A bombardier beetle (D:5)
  2 jellies
  5 orc priests
  3 hounds
  3 iguanas
  8 orc wizards
  A sleepcap (D:4)
  Natasha (thrice) (D:2)
  9 adders
  6 gnolls (D:4)
  A shadow imp (D:5)
  A white imp (D:8)
  2 ufetubi (D:7)
  2 ribbon worms
  33 orcs
  8 endoplasms
  4 giant cockroaches
  6 goblins
  11 hobgoblins
  3 jackals (D:2)
  9 kobolds
  3 quokkas
  9 ball pythons
  5 bats
  6 frilled lizards
  10 rats
210 creatures vanquished.

Vanquished Creatures (collateral kills)
  A foxfire (D:5)
1 creature vanquished.

Vanquished Creatures (others)
  574 foxfires
574 creatures vanquished.

Grand Total: 785 creatures vanquished

Notes
Turn   | Place    | Note
-------+----------+-------------------------------------------
     0 | D:1      | hawla the Deep Elf Fire Elementalist began the quest for
                  | the Orb.
     0 | D:1      | Reached XP level 1. HP: 10/10 MP: 6/6
   183 | D:1      | Reached XP level 2. HP: 15/15 MP: 2/8
   184 | D:1      | Reached skill level 4 in Fire Magic
   189 | D:1      | Learned a level 2 spell: Scorch
   711 | D:1      | Reached XP level 3. HP: 19/19 MP: 4/9
  1309 | D:2      | Noticed Natasha
  1321 | D:2      | Killed Natasha
  1322 | D:2      | Reached skill level 5 in Fire Magic
  1335 | D:2      | Noticed Natasha
  1343 | D:2      | Killed Natasha
  1344 | D:2      | Reached XP level 4. HP: 15/24 MP: 5/10
  1349 | D:2      | Learned a level 4 spell: Flame Wave
  1384 | D:2      | Noticed Natasha
  1390 | D:2      | Killed Natasha
  1391 | D:2      | Reached skill level 6 in Fire Magic
  1917 | D:2      | Reached XP level 5. HP: 28/28 MP: 6/11
  2052 | D:2      | Identified the +4 whip of Traps {flame, Dex+8}
  2513 | D:3      | Noticed Sigmund
  2521 | D:3      | Killed Sigmund
  2522 | D:3      | Reached skill level 7 in Fire Magic
  2522 | D:3      | Reached XP level 6. HP: 32/32 MP: 3/12
  2622 | D:3      | Found a sparkling altar of Nemelex Xobeh.
  2721 | D:3      | Reached skill level 8 in Fire Magic
  3672 | D:4      | Noticed Duvessa
  3672 | D:4      | Noticed Dowan
  3675 | D:4      | Killed Dowan
  3676 | D:4      | Reached XP level 7. HP: 36/36 MP: 8/13
  3681 | D:4      | Killed Duvessa
  3682 | D:4      | Reached skill level 9 in Fire Magic
  4487 | D:4      | Reached skill level 10 in Fire Magic
  4496 | D:5      | Entered Level 5 of the Dungeon
  4634 | D:5      | Found an iron altar of Okawaru.
  4788 | D:5      | Reached XP level 8. HP: 41/41 MP: 10/14
  4938 | D:5      | Reached skill level 11 in Fire Magic
  5070 | D:5      | Noticed Edmund
  5087 | D:5      | Found a white marble altar of Elyvilon.
  5087 | D:5      | Found a glowing golden altar of the Shining One.
  5087 | D:5      | Found a glowing silver altar of Zin.
  5252 | D:5      | Noticed Prince Ribbit
  5258 | D:5      | Killed Prince Ribbit
  5259 | D:5      | Reached skill level 12 in Fire Magic
  5347 | D:5      | Noticed Eustachio
  5350 | D:5      | Killed Edmund
  5446 | D:5      | Killed Eustachio
  5816 | D:6      | Found a sacrificial altar of Ru.
  5858 | D:6      | Found a staircase to the Ecumenical Temple.
  5863 | D:6      | Reached skill level 13 in Fire Magic
  5869 | D:6      | Reached XP level 9. HP: 45/45 MP: 2/15
  6021 | Temple   | Entered the Ecumenical Temple
  6055 | D:6      | Found an opulent altar of Gozag.
  6677 | D:6      | Reached skill level 14 in Fire Magic
  7458 | D:7      | Reached skill level 15 in Fire Magic
  8053 | D:8      | Noticed an elephant
  8061 | D:8      | Killed an elephant
  8180 | D:8      | Reached XP level 10. HP: 50/50 MP: 10/16
  8359 | D:8      | Reached skill level 16 in Fire Magic
  8602 | D:8      | Found a radiant altar of Vehumet.
  8633 | D:8      | Became a worshipper of Vehumet
  8869 | D:8      | Found a staircase to the Lair.
  9026 | D:8      | Found a hazy altar of Hepliaklqana.
  9518 | D:9      | HP: 4/112 [killer bee (3)]
  9519 | D:9      | Reached * piety under Vehumet
  9519 | D:9      | Offered knowledge of Sandblast by Vehumet.
  9519 | D:9      | Slain by a killer bee

Illustrated notes

Levels and vault maps discovered:
D:1:      co_arrival_square_in_a_square_in_a_square, layout_basic
D:2:      layout_loops_cross, minmay_pentomino_o2, uniq_natasha
D:3:      layout_basic, nemelex_spade_bored_becter, serial_bayou_pond_e,
          uniq_sigmund
D:4:      dreamdust_elfheim, layout_loops_ring, serial_library_hellmonk_u_bend,
          minmay_misc_feat_pillars, hellmonk_no_cap
D:5:      layout_cave_pools, good_gods_mini_temple, amcnicky_altar_gilded,
          dreamdust_mushroom_princess, uniq_eustachio, uniq_prince_ribbit1,
          uniq_edmund
D:6:      layout_basic, grunt_gozag_statues, old_standard_altar,
          minmay_temple_entry_water_ring, kennysheep_cluttered_room
D:7:      layout_rooms
D:8:      layout_basic, mainiacjoe_overflow_surrounded_room,
          nzn_hepliaklqana_mist_gate, grunt_lair_entry_orc_guard_hut
D:9:      layout_cave_pools, nicolae_overflow_hidden_temple,
          mainiacjoe_overflow_tiny_flanked, nicolae_qazlal_general_emergency,
          serial_co_window_serial, co_window_paths_a, co_window_paths_b,
          co_window_paths_a, co_window_corner_a, co_window_paths_b,
          co_window_corner_a, co_window_corner_cb, co_window_broadway_c,
          co_window_unsneaky_path_d, co_window_2corner, glass_columns_c,
          glass_columns_a, glass_columns_a, glass_columns_a, glass_columns_a
Temple:   nicolae_temple_godpark

Skill      XL: |  1  2  3  4  5  6  7  8  9 10 |
---------------+-------------------------------+-----
Fire Magic     | 4 5 6 7 8 10 13 15 16 | 16.9
Dodging        | |  2.4
Stealth        | |  2.4
Spellcasting   | |  3.0
Conjurations   | |  1.1

Action                     |  1- 3 |  4- 6 |  7- 9 | 10-12 || total
---------------------------+-------+-------+-------+-------++-------
  Melee: Unarmed           |     1 |       |     5 |       ||     6
         Dagger            |       |       |    48 |    47 ||    95
         Punch             |       |       |     1 |     1 ||     2
   Cast: Foxfire           |    59 |    78 |   157 |    41 ||   335
         Scorch            |     9 |    17 |    58 |    13 ||    97
         Flame Wave        |       |       |     6 |     2 ||     8
  Evoke: Wand              |       |       |     2 |       ||     2
    Use: Scroll            |     2 |     8 |     5 |       ||    15
         Potion            |     1 |       |     4 |     4 ||     9
 Armour: Robe              |     5 |     7 |    61 |    13 ||    86
         Skin              |       |       |    20 |   108 ||   128
  Dodge: Dodged            |    11 |     8 |    47 |    24 ||    90
  Block: Other             |     2 |     3 |    22 |    21 ||    48
